 Dungeon Crawl Stone Soup version 0.25.0-26-g0c896c7088 (webtiles) character file.

Game seed: 570335198350139794

329 Ethylacetat the Firebug (level 6, -9/32 HPs)
             Began as a Deep Elf Fire Elementalist on July 4, 2020.
             Killed from afar by Dowan (20 damage)
             ... with a shard of ice
             ... on level 4 of the Dungeon.
             The game lasted 00:13:49 (3125 turns).

Ethylacetat the Firebug (DEFE)                      Turns: 3125, Time: 00:13:50

Health: -9/32      AC:  2    Str:  5    XL:     6   Next: 25%
Magic:  1/15       EV: 13    Int: 22    God:
Gold:   127        SH:  0    Dex: 15    Spells: 13/14 levels left

rFire    . . .     SeeInvis .   (no weapon)
rCold    . . .     Gourm    .   (no shield)
rNeg     . . .     Faith    .   a - +0 robe
rPois    .         Spirit   .   (no helmet)
rElec    .         Reflect  .   (no cloak)
rCorr    .         Harm     .   (no gloves)
MR       .....                  (no boots)
Stlth    ++........             (no amulet)
HPRegen  0.10/turn              (no ring)
MPRegen  0.14/turn              (no ring)

@: no status effects
A: no striking features
a: no special abilities


You were on level 4 of the Dungeon.
You were not hungry.

You visited 1 branch of the dungeon, and saw 4 of its levels.

You collected 127 gold pieces.

Inventory:

Armour
 a - a +0 robe (worn)
Scrolls
 d - 3 scrolls of remove curse {unknown}
 i - a scroll of random uselessness {unknown}
 j - 3 scrolls of teleportation {unknown}
 k - a scroll of fear {unknown}
 l - a scroll of enchant armour {unknown}
 o - a scroll of identify {unknown}
Potions
 b - a potion of ambrosia {unknown}
 e - a potion of curing {unknown}
 f - a potion of cancellation {unknown}
 g - 2 potions of stabbing {unknown}
 h - 2 potions of haste {unknown}
 m - 2 potions of might {unknown}
 p - a potion of degeneration {unknown}
 q - a potion of magic {unknown}
Comestibles
 c - 5 rations
 n - a chunk of flesh


   Skills:
 - Level 2.4 Dodging
 - Level 2.4 Stealth
 + Level 4.7 Spellcasting
 * Level 4.4 Conjurations
 * Level 5.5 Fire Magic


You had 13 spell levels left.
You knew the following spells:

 Your Spells              Type           Power        Failure   Level  Hunger
a - Foxfire               Conj/Fire      ####         1%          1    None

Your spell library contained the following spells:

 Spells                   Type           Power        Failure   Level  Hunger
 Conjure Flame            Conj/Fire      ####....     4%          3    ##.....
 Inner Flame              Hex/Fire       ###.....     10%         3    ##.....
 Sticky Flame             Conj/Fire      ####....     13%         4    ####...
 Fireball                 Conj/Fire      ####......   36%         5    #####..


Dungeon Overview and Level Annotations

Branches:
Dungeon (4/15)
 Temple: D:4-7

Altars:
Ashenzari

Annotations:
D:4 Dowan


Message History

You conjure some foxfire!
The foxfire hits Dowan but does no damage.
Dowan is severely wounded.
The foxfire hits Dowan but does no damage.
Dowan is severely wounded.
Dowan points at you and mumbles some strange words.
The stone arrow hits you!
Unknown command.
Casting: Foxfire (safe; 1% risk of failure)
Confirm with . or Enter, or press ? or * to list all spells.
You conjure some foxfire!
The foxfire hits Dowan but does no damage.
Dowan is severely wounded.
The foxfire hits Dowan.
Dowan is severely wounded.
Dowan hits you with a +0 dagger. Dowan gestures at you while chanting.
The shard of ice hits you!!
Ouch! That really hurt!
You die...

#######.#.#
#.......#.###
#>...........
#...[........
#.#..........
#.#...############
#..........e.....#
.######.v..#########.#
.[....§@e...### #.#
######§.v.....# #e#
#......#.### #.#
#######....# #.#
#....#.# #.# ######+#
#.### ... #...e ....
##### .....


You could see Dowan (fast).

Vanquished Creatures
  Duvessa (D:4)
  An orc wizard (D:3)
  4 gnolls (D:3)
  4 adders
  An ooze (D:2)
  2 worms (D:3)
  4 dart slugs
  A leopard gecko (D:3)
  10 orcs (D:3)
  A ball python (D:2)
  4 giant cockroaches
  11 goblins
  11 hobgoblins
  5 jackals (D:3)
  9 kobolds
  2 quokkas
  12 bats
  5 frilled lizards (D:2)
  9 rats
97 creatures vanquished.

Vanquished Creatures (others)
  272 foxfires
272 creatures vanquished.

Grand Total: 369 creatures vanquished

Notes
Turn   | Place    | Note
-------+----------+-------------------------------------------
     0 | D:1      | Ethylacetat the Deep Elf Fire Elementalist began the quest
                  | for the Orb.
     0 | D:1      | Reached XP level 1. HP: 10/10 MP: 6/6
   173 | D:1      | Reached XP level 2. HP: 15/15 MP: 5/8
   256 | D:1      | Found a shattered altar of Ashenzari.
   583 | D:1      | You fall into a shaft and drop 1 floor!
   598 | D:2      | Found a faded altar of an unknown god.
   823 | D:2      | Reached XP level 3. HP: 19/19 MP: 7/9
   946 | D:2      | Reached skill level 4 in Fire Magic
  1371 | D:2      | Reached XP level 4. HP: 24/24 MP: 6/11
  2185 | D:3      | Reached XP level 5. HP: 28/28 MP: 10/13
  2495 | D:3      | Reached skill level 5 in Fire Magic
  3068 | D:4      | Noticed Duvessa
  3068 | D:4      | Noticed Dowan
  3121 | D:4      | Killed Duvessa
  3121 | D:4      | Reached XP level 6. HP: 25/32 MP: 4/15
  3125 | D:4      | Killed from afar by Dowan

Illustrated notes

Levels and vault maps discovered:
D:1:      tarquinn_simple_flora_water_a, layout_loops_corners,
          evilmike_ruin_ashenzari
D:2:      minmay_angry_zag, layout_loops_cross, first_ration,
          chequers_ecumenical_altar_island, grunt_decor_cap, st_stairs_5,
          minmay_goblin_outpost
D:3:      layout_basic, corexii_item_surrounded_by_moat
D:4:      layout_basic, minmay_temple_entry_hall, uniq_duvessa, uniq_sigmund,
          uniq_grinder

Skill      XL: |  1  2  3  4  5 |
---------------+----------------+-----
Conjurations   | 2 3 4 |  4.4
Fire Magic     | 4 5 |  5.5
Spellcasting   | 4 |  4.7
Dodging        | |  2.4
Stealth        | |  2.4

Action                   |  1- 3 |  4- 6 || total
-------------------------+-------+-------++-------
 Cast: Foxfire           |    69 |   117 ||   186
  Eat: Chunk             |     1 |     5 ||     6
Armor: Robe              |     3 |    11 ||    14
Dodge: Dodged            |    10 |    24 ||    34
